 Dungeon Crawl Stone Soup version 0.23.2-30-g0e89c35649 (webtiles) character file.

Game seed: 17439525819237779723

264 troglodite the Charmwright (level 6, 0/50 HPs)
             Began as a Gnoll Skald on June 24, 2019.
             Splashed by Ijyb's acid (13 damage)
             ... on level 3 of the Dungeon.
             The game lasted 00:06:47 (2570 turns).

troglodite the Charmwright (Gnoll Skald)            Turns: 2570, Time: 00:06:47

Health: 0/50       AC:  4    Str: 19    XL:     6   Next: 19%
Magic:  5/13       EV: 14    Int: 18    God:
Gold:   120        SH:  4    Dex: 14    Spells: 11/15 levels left

rFire    . . .     SeeInvis .   a - +0 spear
rCold    . . .     Gourm    .   i - +0 buckler
rNeg     . . .     Faith    .   b - +0 leather armour
rPois    .         Spirit   .   (no helmet)
rElec    .         Reflect  .   k - +0 cloak
rCorr    .         Harm     .   (no gloves)
MR       .....                  q - +0 pair of boots
Stlth    ++........             (no amulet)
HPRegen  0.16/turn              x - +6 ring of strength
MPRegen  0.13/turn              f - +3 ring of protection

@: corroded, very slightly contaminated
A: distributed training, fangs 1, strong nose
a: no special abilities


You were on level 3 of the Dungeon.
You were hungry.

You visited 1 branch of the dungeon, and saw 3 of its levels.

You collected 120 gold pieces.

Inventory:

Hand Weapons
 a - a +0 spear (weapon)
Armour
 b - a +0 leather armour (worn)
 i - a +0 buckler (worn)
 k - a +0 cloak (worn)
 q - a +0 pair of boots (worn)
Jewellery
 c - an uncursed ring of magical power
 f - a +3 ring of protection (right hand)
 x - a +6 ring of strength (left hand)
Scrolls
 e - 3 scrolls of identify {unknown}
 j - a scroll of enchant weapon {unknown}
 s - a scroll of amnesia {unknown}
 v - a scroll of fear {unknown}
 w - a scroll of fog {unknown}
Potions
 g - 5 potions of curing
 h - 2 potions of berserk rage {unknown}
 l - a potion of agility {unknown}
 m - a potion of invisibility {unknown}
 n - 2 potions of degeneration {unknown}
 o - a potion of might {unknown}
 r - a potion of haste {unknown}
 t - a potion of cancellation {unknown}
 u - a potion of lignification {unknown}
Comestibles
 d - 8 rations
 p - 4 chunks of flesh


   Skills:
 + Level 4.9 Fighting
 + Level 1.8 Short Blades
 + Level 1.8 Long Blades
 + Level 1.8 Axes
 + Level 1.8 Maces & Flails
 + Level 4.9 Polearms
 + Level 1.8 Staves
 + Level 1.8 Slings
 + Level 1.8 Bows
 + Level 1.8 Crossbows
 + Level 1.8 Throwing
 + Level 3.1 Armour
 + Level 4.9 Dodging
 + Level 1.8 Stealth
 + Level 1.8 Shields
 + Level 1.8 Unarmed Combat
 + Level 5.3 Spellcasting
 + Level 1.4 Conjurations
 + Level 1.4 Hexes
 + Level 5.6 Charms
 + Level 1.4 Summonings
 + Level 1.4 Necromancy
 + Level 1.4 Translocations
 + Level 1.4 Transmutations
 + Level 1.4 Fire Magic
 + Level 1.4 Ice Magic
 + Level 1.4 Air Magic
 + Level 1.4 Earth Magic
 + Level 1.4 Poison Magic
 + Level 2.0 Invocations
 + Level 1.8 Evocations


You had 11 spell levels left.
You knew the following spells:

 Your Spells              Type           Power        Failure   Level  Hunger
a - Infusion              Chrm           ####         1%          1    None
b - Spectral Weapon       Hex/Chrm       ###.....     14%         3    ##.....

Your spell library contained the following spells:

 Spells                   Type           Power        Failure   Level  Hunger
 Song of Slaying          Chrm           ####....     3%          2    #......
 Shroud of Golubria       Chrm/Tloc      ###.......   7%          2    #......
 Regeneration             Chrm/Necr      ###.......   14%         3    ##.....


Dungeon Overview and Level Annotations

Branches:
Dungeon (3/15)

Altars:
Elyvilon
Fedhas
The Shining One

Annotations:
D:3 Ijyb


Innate Abilities, Weirdness & Mutations

Your experience applies equally to all skills.
You have very sharp teeth.
Your uncanny sense of smell can sniff out nearby items.


Message History

You reach to attack!
You hit Ijyb.
Ijyb is lightly wounded.
Your spectral weapon hits Ijyb but does no damage.
You closely miss Ijyb. You bite Ijyb, but do no damage.
Ijyb is lightly wounded.
Your spectral weapon closely misses Ijyb.
Ijyb closely misses you.
You hit Ijyb but do no damage.
Ijyb is lightly wounded.
Your spectral weapon hits Ijyb but does no damage.
Ijyb zaps a wand.
The bolt of acid hits you!
You are splashed with acid!
You are too injured to fight recklessly!
Unknown command.
You are too injured to fight recklessly!
You closely miss Ijyb. Your bite misses Ijyb.
Ijyb is lightly wounded.
Your spectral weapon misses Ijyb.
Ijyb zaps a wand.
The bolt of acid hits you!
* * * LOW HITPOINT WARNING * * *
The acid corrodes you!
You are splashed with acid!
You die...

.....#..#
#.#####..#.......
.....'... ...
............
.....#..###+##
########..###.##.. .#..
..... #...# #..# #.##..
......#...# #.<###'##..
..g...#...####.#.....#.(
......'(..))<..+.....##.
###g()#.##.#.....# #
#..@..#.##.#.....#
#.....#....#.....#
#.....####.#.....#
####### #.####### #.# .#


You could see Ijyb and a friendly spectral +0 spear.

Vanquished Creatures
  Sigmund (D:3)
  3 gnolls (D:3)
  2 adders
  An ooze (D:2)
  2 dart slugs (D:3)
  3 leopard geckos
  3 giant cockroaches
  5 goblins
  8 hobgoblins
  2 jackals (D:2)
  2 quokkas
  3 bats (D:1)
  3 frilled lizards
  9 kobolds
  6 rats
53 creatures vanquished.

Notes
Turn   | Place    | Note
-------+----------+-------------------------------------------
     0 | D:1      | troglodite the Gnoll Skald began the quest for the Orb.
     0 | D:1      | Reached XP level 1. HP: 20/20 MP: 6/6
   148 | D:1      | Reached XP level 2. HP: 26/26 MP: 7/7
   853 | D:2      | Reached XP level 3. HP: 31/31 MP: 9/9
   858 | D:2      | Learned a level 3 spell: Spectral Weapon
   987 | D:2      | Reached skill level 5 in Spellcasting
  1313 | D:2      | Found a white marble altar of Elyvilon.
  1597 | D:2      | Reached skill level 1 in Invocations
  1777 | D:2      | Reached skill level 1 in Short Blades
  1777 | D:2      | Reached skill level 1 in Long Blades
  1777 | D:2      | Reached skill level 1 in Axes
  1777 | D:2      | Reached skill level 1 in Maces & Flails
  1777 | D:2      | Reached skill level 1 in Staves
  1777 | D:2      | Reached skill level 1 in Slings
  1777 | D:2      | Reached skill level 1 in Bows
  1777 | D:2      | Reached skill level 1 in Crossbows
  1777 | D:2      | Reached skill level 1 in Throwing
  1777 | D:2      | Reached skill level 1 in Stealth
  1777 | D:2      | Reached skill level 1 in Shields
  1777 | D:2      | Reached skill level 1 in Unarmed Combat
  1777 | D:2      | Reached skill level 1 in Evocations
  1917 | D:3      | Reached XP level 4. HP: 25/38 MP: 11/11
  2119 | D:3      | Found a glowing golden altar of the Shining One.
  2135 | D:3      | Noticed Sigmund
  2156 | D:3      | Killed Sigmund
  2156 | D:3      | Reached skill level 1 in Conjurations
  2156 | D:3      | Reached skill level 1 in Hexes
  2156 | D:3      | Reached skill level 1 in Summonings
  2156 | D:3      | Reached skill level 1 in Necromancy
  2156 | D:3      | Reached skill level 1 in Translocations
  2156 | D:3      | Reached skill level 1 in Transmutations
  2156 | D:3      | Reached skill level 1 in Fire Magic
  2156 | D:3      | Reached skill level 1 in Ice Magic
  2156 | D:3      | Reached skill level 1 in Air Magic
  2156 | D:3      | Reached skill level 1 in Earth Magic
  2156 | D:3      | Reached skill level 1 in Poison Magic
  2156 | D:3      | Reached XP level 5. HP: 43/43 MP: 12/12
  2232 | D:3      | Found a blossoming altar of Fedhas.
  2257 | D:3      | Reached XP level 6. HP: 48/50 MP: 13/13
  2561 | D:3      | Noticed Ijyb
  2570 | D:3      | Splashed by Ijyb's acid

Skill      XL: |  1  2  3  4  5  6 |
---------------+-------------------+-----
Spellcasting   | 5 |  5.3
Invocations    | 1 2 |  2.0
Short Blades   | 1 |  1.8
Long Blades    | 1 |  1.8
Axes           | 1 |  1.8
Maces & Flails | 1 |  1.8
Staves         | 1 |  1.8
Slings         | 1 |  1.8
Bows           | 1 |  1.8
Crossbows      | 1 |  1.8
Throwing       | 1 |  1.8
Stealth        | 1 |  1.8
Shields        | 1 |  1.8
Unarmed Combat | 1 |  1.8
Evocations     | 1 |  1.8
Armour         | 3 |  3.1
Conjurations   | 1 |  1.4
Hexes          | 1 |  1.4
Summonings     | 1 |  1.4
Necromancy     | 1 |  1.4
Translocations | 1 |  1.4
Transmutations | 1 |  1.4
Fire Magic     | 1 |  1.4
Ice Magic      | 1 |  1.4
Air Magic      | 1 |  1.4
Earth Magic    | 1 |  1.4
Poison Magic   | 1 |  1.4
Fighting       | |  4.9
Polearms       | |  4.9
Dodging        | |  4.9
Charms         | |  5.6

Action                   |  1- 3 |  4- 6 || total
-------------------------+-------+-------++-------
Melee: Spear             |   148 |    85 ||   233
       Bite              |    11 |     7 ||    18
 Cast: Spectral Weapon   |       |     2 ||     2
 Stab: Sleeping          |     3 |       ||     3
  Eat: Chunk             |     3 |     2 ||     5
Armor: Leather armour    |    34 |    13 ||    47
Dodge: Dodged            |    68 |    50 ||   118
Block: Buckler           |    11 |    11 ||    22
